Map: 莱瑞拉克之冠

Players

shengy

  • Race: Zerg Zerg
  • League: Gold

Trivix - Winner!

  • Race: Zerg Zerg
  • League: Gold

VOD

Have the link to the VOD?

Description

Time

  • Played on: Nov. 25, 2015, 9:29 p.m.
  • Length: 3:07
Show
View Real Time Build Order
Export as new Build Order

shengy Zerg 

Build Orders: Hatch First 

Get SALT Encoding   

  12  0:01  Drone  
  13  0:09  Drone  
  14  0:21  Overlord  
  14  0:39  Drone x3  
  17  0:51  Drone  
  18  1:01  Drone  
  18  1:03  Hatchery  
  18  1:11  Drone  
  19  1:28  Extractor  
  19  1:29  Drone  
  19  1:30  Spawning Pool  
  18  1:38  Drone  
  19  1:50  Drone  
  20  1:54  Overlord  
  20  2:06  Drone  
  21  2:15  Drone  
  22  2:16  Queen, Drone  
  22  2:18  Queen  
  27  2:25  Spine Crawler  
  27  2:26  Drone  
  27  2:29  Zergling x2  
  28  2:51  Drone x4  
Show
View Real Time Build Order
Export as new Build Order

Trivix Zerg - Winner!

Build Orders: Pool First 

Get SALT Encoding   

  12  0:01  Drone  
  13  0:08  Drone  
  14  0:16  Overlord  
  14  0:35  Drone x3  
  17  0:39  Extractor  
  16  0:46  Drone  
  17  0:51  Spawning Pool  
  17  0:57  Drone  
  17  1:07  Drone  
  18  1:18  Drone  
  19  1:28  Hatchery  
  19  1:30  Drone  
  19  1:40  Metabolic Boost  
  19  1:49  Queen  
  19  1:52  Zergling x2  
  22  2:09  Overlord  
  22  2:29  Zergling x2  
  23  2:30  Zergling x4  
  23  2:35  Extractor  
  24  2:37  Roach Warren  
Tags
 
Add a new tag
Caveats
  • Supply blocks, unpowered buildings, or Contaminate may cause inaccurate times.
  • Supply counts are checked every 10 seconds.